 Dungeon Crawl Stone Soup version 0.29.0-4-gdea44cf6ec (webtiles) character file.

Game seed: 2957510573175750546

20 qw the Chopper (level 2, -5/17 HPs)
             Began as a Tengu Warper on Aug 28, 2022.
             Killed from afar by a white imp (8 damage)
             ... with a puff of frost
             ... summoned by Natasha
             ... on level 2 of the Dungeon.
             The game lasted 00:00:05 (1152 turns).

qw the Chopper (Tengu Warper)                       Turns: 1152, Time: 00:00:05

Health: -5/17      AC:  9    Str: 11    XL:     2   Next: 79%
Magic:  6/6        EV:  5    Int: 13    God:
Gold:   23         SH:  0    Dex: 13    Spells: 5/5 levels left

rFire   . . .      SeeInvis .   Y - +3 hand axe
rCold   . . .      Faith    .   (no shield)
rNeg    . . .      Spirit   .   j - +1 chain mail {rPois}
rPois   +          Reflect  .   (helmet restricted)
rElec   .          Harm     .   (no cloak)
rCorr   .          Rampage  .   (no gloves)
Will    .....                   (boots unavailable)
Stlth   ..........              (no amulet)
HPRegen 0.05/turn               (no ring)
MPRegen 0.10/turn               (no ring)

@: no status effects
A: beak, talons 3
a: no special abilities


You were on level 2 of the Dungeon.
You visited 1 branch of the dungeon, and saw 2 of its levels.

You collected 23 gold pieces.


Innate Abilities, Weirdness & Mutations

You have a beak for a mouth.
You have claws for feet.


   Skills:
 - Level 2.0 Fighting
 + Level 3.6 Axes
 - Level 1.0 Throwing
 - Level 1.1 Armour
 - Level 2.1 Dodging
 - Level 2.0 Spellcasting
 - Level 2.4 Translocations


You had 5 spell levels left.
You didn't know any spells.
Your spell library contained the following spells:

 Spells                   Type           Power      Damage    Failure   Level
 Blink                    Tloc           14%        N/A       100%        2
 Gell's Gravitas          Tloc           7%         N/A       100%        3
 Lesser Beckoning         Tloc           7%         N/A       100%        3
 Teleport Other           Tloc           7%         N/A       100%        3
 Manifold Assault         Tloc           7%         N/A       100%        5

Inventory:

Hand Weapons
 e - a +0 mace
 Y - a +3 hand axe (weapon)
Armour
 j - a +1 chain mail of poison resistance (worn)
Potions
 d - a potion of heal wounds {unknown}

Dungeon Overview and Level Annotations

Branches:
Dungeon (2/15)

Altars:

Annotations:
D:2 Natasha


Message History

Assign waypoint to what number? (0-9, D - delete waypoint) Waypoint 1 assigned to D:2.
Enter note: You closely miss the hobgoblin.
Your peck misses the hobgoblin. The hobgoblin barely misses you.
You hit the hobgoblin. Your peck misses the hobgoblin.
The hobgoblin is heavily wounded.
The hobgoblin hits you but does no damage.
You barely miss the hobgoblin.
The hobgoblin is heavily wounded.
The hobgoblin barely misses you.
You hit the hobgoblin.
You kill the hobgoblin!
Found a stone staircase leading up.
Natasha, Servant of Life and Death comes into view.
Found a dagger.
Natasha hisses angrily.
Natasha casts a spell at you. The magic dart hits you!
Ouch! That really hurt!
1137 ||| FLEEEEING.
1138 ||| FLEEEEING.
1139 ||| FLEEEEING.
Natasha casts a spell at you. The magic dart hits you.
1140 ||| FLEEEEING.
1144 ||| FLEEEEING.
1148 ||| FLEEEEING.
1149 ||| FLEEEEING.
Natasha mumbles some strange words.
You feel troubled.
1150 ||| FLEEEEING.
You see here a +0 helmet.
1151 ||| FLEEEEING.
Found a stone staircase leading up.
Natasha casts a spell.
There is a stone staircase leading up here.
1152 ||| STAIRDANCE The white imp gestures at you.
The puff of frost hits you!
You die...

#.....# #.....#
#.....######
##......<...#
####.h..........#
#####.....5.....?....#
......##..........>..#
#.....##[###.........#
.......@.# #.........#
..##......<#.........#
. #..##..#..........##
#. ##..##... .. ##.#
.. .. .# . . .. #.#


You could see Natasha and a white imp (summoned).

Vanquished Creatures
  3 ball pythons (D:1)
  A giant cockroach (D:1)
  3 hobgoblins
  3 kobolds (D:1)
  A quokka (D:1)
  4 bats (D:1)
  3 frilled lizards (D:1)
  A goblin (D:1)
  A rat (D:1)
20 creatures vanquished.

Notes
Turn   | Place    | Note
-------+----------+-------------------------------------------
     0 | D:1      | qw the Tengu Warper began the quest for the Orb.
     0 | D:1      | Reached XP level 1. HP: 12/12 MP: 4/4
     0 | D:1      | 0 ||| qw: Version: 0.1-a-89-g26bdef1
     0 | D:1      | 0 ||| qw: Game counter: 3241
     0 | D:1      | 0 ||| qw: Always use a shield: true
     0 | D:1      | 0 ||| qw: God list: Okawaru
     0 | D:1      | 0 ||| qw: Allow faded altars: false
     0 | D:1      | 0 ||| qw: Do Orc after D:15 true
     0 | D:1      | 0 ||| qw: Do second Lair branch before Depths: true
     0 | D:1      | 0 ||| qw: Lair rune preference: random
     0 | D:1      | 0 ||| qw: Plans: Normal
     0 | D:1      | 0 ||| PLANNING D:1-11
   260 | D:1      | Reached XP level 2. HP: 17/17 MP: 6/6
   278 | D:1      | Reached skill level 3 in Axes
  1055 | D:1      | 1055 ||| UPGRADING to +1 chain mail of poison resistance.
  1065 | D:1      | 1065 ||| DROPPING +0 leather armour.
  1066 | D:1      | 1066 ||| READING scroll labelled SUFULE JALOTOUF.
  1070 | D:1      | 1070 ||| READING scroll labelled NALUSSEUZI.
  1071 | D:1      | 1071 ||| READING 3 scrolls labelled CAIG FIVIO.
  1072 | D:1      | 1072 ||| READING 2 scrolls of enchant weapon.
  1072 | D:1      | 1072 ||| ENCHANTING +1 hand axe.
  1073 | D:1      | 1073 ||| READING scroll of enchant weapon.
  1073 | D:1      | 1073 ||| ENCHANTING +2 hand axe.
  1074 | D:1      | 1074 ||| READING scroll labelled BUEFOY LIOHEDUTRE.
  1075 | D:1      | 1075 ||| DROPPING scroll of blinking.
  1136 | D:2      | Noticed Natasha
  1137 | D:2      | 1137 ||| FLEEEEING.
  1138 | D:2      | 1138 ||| FLEEEEING.
  1139 | D:2      | 1139 ||| FLEEEEING.
  1139 | D:2      | HP: 2/17 [Natasha/magic dart (5)]
  1140 | D:2      | 1140 ||| FLEEEEING.
  1144 | D:2      | 1144 ||| FLEEEEING.
  1148 | D:2      | 1148 ||| FLEEEEING.
  1149 | D:2      | 1149 ||| FLEEEEING.
  1150 | D:2      | 1150 ||| FLEEEEING.
  1151 | D:2      | 1151 ||| FLEEEEING.
  1152 | D:2      | 1152 ||| STAIRDANCE
  1152 | D:2      | Killed from afar by a white imp

Levels and vault maps discovered:
D:1:      heliophobic_arrival_ceremonial_halls, layout_basic
D:2:      layout_rooms, dreamdust_ecumenical_altar_angels_and_demons,
          uniq_natasha, uniq_jessica

Skill      XL: |  1  2 |
---------------+-------+-----
Axes           | 3 |  3.6
Fighting       | |  2.0
Throwing       | |  1.0
Armour         | |  1.1
Dodging        | |  2.1
Spellcasting   | |  2.0
Translocations | |  2.4

Action                   || total
-------------------------++-------
Melee: Hand axe          ||    33
       Peck              ||     6
       Kick              ||     7
Throw: Boomerang         ||     7
  Use: Scroll            ||     6
Armor: Leather armour    ||     6
       Chain mail        ||     1
Dodge: Dodged            ||    16

Table legend:
 A = Non-vault XP
 B = Vault XP
 C = Vault XP percentage of total XP
 D = Non-vault monster count
 E = Vault monster count
 F = Vault count percentage of total count
                 A         B        C        D         E       F
            +---------+---------+-------+---------+---------+-------
      Total |      29 |       0 |   0.0 |      20 |       0 |   0.0
            +---------+---------+-------+---------+---------+-------
        D:1 |      27 |       0 |   0.0 |      19 |       0 |   0.0
        D:2 |       2 |       0 |   0.0 |       1 |       0 |   0.0
            +---------+---------+-------+---------+---------+-------
